 Dungeon Crawl Stone Soup version 0.31.0-11-ge490571c62 (webtiles) character file.

Game seed: 15247092361157164536

3202 awry the Spear-Bearer (level 9, -2/82 HPs)
             Began as a Minotaur Berserker on Jan 31, 2024.
             Was an Elder of Trog.
             Slain by a gnoll sergeant
             ... wielding a +2 trident of holy wrath
              (6 damage)
             ... on level 8 of the Dungeon.
             The game lasted 00:41:20 (4738 turns).

awry the Spear-Bearer (Minotaur Berserker)          Turns: 4738, Time: 00:41:20

Health: -2/82      AC:  3    Str: 30    XL:     9   Next: 65%
Magic:  8/8        EV: 13    Int:  4    God:    Trog [****..]
Gold:   454        SH:  0    Dex:  9    Spells: 8/8 levels left

rFire   + . .        k - +2 trident of Starshine {freeze, *Rage rN+ Str+3}
rCold   + . .        (no shield)
rNeg    + . .        b - +1 animal skin
rPois   +            (helmet restricted)
rElec   +            (no cloak)
rCorr   +            (no gloves)
SInv    .            (no boots)
Will    .....        (no amulet)
Stlth   ++           (no ring)
HPRegen 0.33/turn    (no ring)
MPRegen 0.11/turn

%: random rage (20%)
@: resistant, on berserk cooldown, slowed, very slow
A: horns 2, retaliatory headbutt
a: Renounce Religion, Berserk, Trog's Hand, Brothers in Arms


You were on level 8 of the Dungeon.
You worshipped Trog.
Trog was greatly pleased with you.
You visited 1 branch of the dungeon, and saw 8 of its levels.

You collected 454 gold pieces.

Inventory:

Hand Weapons
 a - a +1 hand axe
 k - the +2 trident of Starshine (weapon) {freeze, *Rage rN+ Str+3}
   (You found it on level 3 of the Dungeon)

   Str+3:     It affects your strength (+3).
   rN+:       It protects you from negative energy.
   *Rage:     It berserks you when you make melee attacks (+20% chance).
Missiles
 s - a throwing net (quivered)
Armour
 b - a +1 animal skin (worn)
Wands
 n - a wand of iceblast (19)
Scrolls
 c - 2 scrolls of teleportation
 d - 3 scrolls of identify
 i - a scroll of enchant weapon
 l - a scroll of torment {unknown}
 m - a scroll of summoning {unknown}
 q - a scroll of immolation {unknown}
Potions
 f - 2 potions of haste
 g - a potion of cancellation {unknown}
 h - a potion of enlightenment {unknown}
 j - a potion of attraction {unknown}
 o - a potion of lignification {unknown}
 p - a potion of mutation {unknown}
 r - 2 potions of berserk rage
 u - a potion of invisibility {unknown}


   Skills:
 + Level 8.5 Fighting
 + Level 5.6(8.8) Axes
 + Level 10.5(11.1) Polearms
 + Level 2.7 Armour
 + Level 6.4 Dodging
 + Level 2.7 Stealth
 + Level 2.5 Evocations


You had 8 spell levels left.
You didn't know any spells.
Your spell library was empty.

Dungeon Overview and Level Annotations

Branches:
Dungeon (8/15)             Temple (0/1) D:6
   Lair: D:8-11

Altars:
Dithmenos
Gozag
Sif Muna
Trog
Wu Jian

Shops:
D:3 *   D:6 *


Innate Abilities, Weirdness & Mutations

You have a pair of horns on your head.
You reflexively headbutt those who attack you in melee.


Message History

The gnoll sergeant hits you from afar with a +2 trident of holy wrath! x2
The steam dragon bites you.
* * * LOW HITPOINT WARNING * * *
The steam dragon claws you.
* * * LOW HITPOINT WARNING * * *
You feel much better. The steam dragon closely misses you.
You furiously retaliate!
You headbutt the steam dragon! The steam dragon barely misses you.
The gnoll sergeant hits you from afar with a +2 trident of holy wrath.
You puncture the steam dragon! You freeze the steam dragon.
The steam dragon is severely wounded.
The steam dragon breathes steam at you. The ball of steam hits you!
The gnoll sergeant hits you from afar with a +2 trident of holy wrath!
* * * LOW HITPOINT WARNING * * *
You hear a shout! x2
Okay, then.
You feel protected. The steam dragon closely misses you. x2
The gnoll sergeant hits you but does no damage.
The gnoll sergeant hits you from afar with a +2 trident of holy wrath!
* * * LOW HITPOINT WARNING * * *
The steam dragon bites you but does no damage.
The steam dragon claws you but does no damage.
You completely miss the steam dragon. Your headbutt misses the steam dragon.
The steam dragon is severely wounded.
The steam dragon misses you. The steam dragon barely misses you.
The gnoll sergeant hits you from afar with a +2 trident of holy wrath.
* * * LOW HITPOINT WARNING * * *
You hit the steam dragon. You freeze the steam dragon.
The steam dragon is almost dead.
The steam dragon breathes steam at you. The ball of steam hits you. You resist.
* * * LOW HITPOINT WARNING * * *
The gnoll sergeant barely misses you.
You hit the steam dragon but do no damage.
The steam dragon is almost dead.
The steam dragon barely misses you. x2
The gnoll sergeant hits you from afar with a +2 trident of holy wrath.
You die...

#.....# ##### #.....#
#....# #.....#
#....###.....# ###
#....##......# ....
#.$..##......# .=...
#...§##......###
......###§...###........
.....gD@§§§§...'>.......
....:.###§)§)###........
####..§§§.§§[...........
#[######.####.._.....
#.# #..###### #.. .....
..#. .$....
....##.####.. #..# ##.#
.


You could see a steam dragon and a gnoll sergeant.

Vanquished Creatures
  Gastronok (D:8)
  A wyvern (D:7)
  A steam dragon (D:7)
  An orc warrior (D:7)
  An ogre (D:4)
  A sky beast (D:6)
  A centaur (D:7)
  A phantom (D:5)
  2 kobold brigands
  3 bullfrogs
  3 scorpions
  6 wights
  3 bombardier beetles
  3 hounds
  A jelly (D:5)
  3 orc wizards
  A sleepcap (D:4)
  5 iguanas
  2 gnolls (D:8)
  6 adders
  2 dart slugs
  24 orcs
  5 endoplasms
  5 goblins
  14 hobgoblins
  A quokka (D:1)
  7 ball pythons
  8 bats
  3 frilled lizards
  2 hobgoblin zombies (D:4)
  12 kobolds
  A kobold zombie (D:4)
  An orc zombie (D:4)
  9 rats
140 creatures vanquished.

Vanquished Creatures (others)
  A gnoll (D:8)
1 creature vanquished.

Grand Total: 141 creatures vanquished

Notes
Turn   | Place    | Note
-------+----------+-------------------------------------------
     0 | D:1      | awry the Minotaur Berserker began the quest for the Orb.
     0 | D:1      | Reached XP level 1. HP: 19/19 MP: 0/0
    85 | D:1      | Reached XP level 2. HP: 27/27 MP: 1/1
   704 | D:1      | Reached ** piety under Trog
   705 | D:1      | Reached XP level 3. HP: 33/33 MP: 2/2
  1502 | D:3      | Identified the +2 trident of Starshine {freeze, *Rage rN+
                  | Str+3}
  1551 | D:3      | Reached XP level 4. HP: 41/41 MP: 3/3
  1603 | D:3      | Found Fiukaos's General Store.
  2075 | D:4      | Reached skill level 1 in Polearms
  2125 | D:4      | Reached skill level 5 in Axes
  2128 | D:4      | Noticed a scorpion
  2132 | D:4      | Reached XP level 5. HP: 33/47 MP: 4/4
  2136 | D:4      | Reached skill level 5 in Fighting
  2136 | D:4      | Reached skill level 2 in Polearms
  2136 | D:4      | Noticed an ogre
  2147 | D:4      | Killed an ogre
  2148 | D:4      | Reached skill level 3 in Polearms
  2148 | D:4      | Reached XP level 6. HP: 31/56 MP: 5/5
  2354 | D:4      | Reached skill level 4 in Polearms
  2840 | D:5      | Entered Level 5 of the Dungeon
  3006 | D:5      | Reached XP level 7. HP: 40/61 MP: 6/6
  3008 | D:5      | Reached skill level 5 in Polearms
  3011 | D:5      | Reached skill level 1 in Stealth
  3058 | D:5      | Reached *** piety under Trog
  3106 | D:5      | Reached skill level 6 in Polearms
  3676 | D:6      | Found Tofuchoi's General Store.
  3702 | D:6      | Found a staircase to the Ecumenical Temple.
  3711 | D:6      | Reached XP level 8. HP: 70/70 MP: 7/7
  3737 | D:6      | Reached skill level 7 in Polearms
  3994 | D:6      | Found an ornate altar of the Wu Jian Council.
  4148 | D:7      | Reached **** piety under Trog
  4149 | D:7      | Reached skill level 1 in Evocations
  4156 | D:7      | Reached skill level 8 in Polearms
  4156 | D:7      | Reached skill level 5 in Dodging
  4391 | D:7      | Found an opulent altar of Gozag.
  4429 | D:7      | Found a bloodstained altar of Trog.
  4493 | D:7      | Found a shadowy altar of Dithmenos.
  4498 | D:7      | Reached XP level 9. HP: 64/80 MP: 8/8
  4536 | D:7      | Reached skill level 9 in Polearms
  4698 | D:7      | You fall into a shaft and drop 1 floor!
  4698 | D:8      | Found a shimmering blue altar of Sif Muna.
  4706 | D:8      | Noticed Gastronok
  4720 | D:8      | Killed Gastronok
  4721 | D:8      | Reached skill level 10 in Polearms
  4737 | D:8      | HP: 4/82 [steam dragon/ball of steam (6)]
  4738 | D:8      | Slain by a gnoll sergeant

Illustrated notes

Levels and vault maps discovered:
D:1:      enne_arrival_octagon_isle, layout_loops_corners, serial_park_tiny_1,
          minmay_tall_x
D:2:      layout_basic, grunt_decor_cap
D:3:      layout_loops_ring, serial_shops, shop
D:4:      layout_loops_ring, minmay_mini_ossuary
D:5:      layout_basic, dreamdust_princess_corridor
D:6:      layout_basic, kennysheep_mini, minmay_temple_entry_glass,
          serial_shops, nicolae_shop_behind_doors
D:7:      layout_basic, nicolae_overflow_quartered_altars
D:8:      layout_basic, overflow_temple_1_default, uniq_gastronok

Skill      XL: |  1  2  3  4  5  6  7  8  9 |
---------------+----------------------------+-----
Axes           | 4 5 |  5.6
Fighting       | 4 5 6 7 8 |  8.5
Dodging        | 3 4 5 6 |  6.4
Polearms       | 1 3 4 6 8 10 | 10.5
Stealth        | 1 2 |  2.7
Evocations     | 1 2 |  2.5
Armour         | |  2.7

Action                     |  1- 3 |  4- 6 |  7- 9 || total
---------------------------+-------+-------+-------++-------
  Melee: Hand axe          |    83 |       |       ||    83
         Headbutt          |    13 |     8 |    12 ||    33
         Trident           |     4 |    79 |   127 ||   210
         Punch             |     2 |       |       ||     2
  Evoke: Wand              |       |       |    11 ||    11
    Use: Scroll            |     2 |     1 |     7 ||    10
         Potion            |       |       |     5 ||     5
   Stab: Sleeping          |       |     1 |     1 ||     2
 Armour: Animal skin       |    38 |    45 |    80 ||   163
  Dodge: Dodged            |    65 |    33 |    74 ||   172
